 Dungeon Crawl Stone Soup version 0.29-a0-841-g116ddc6ace (webtiles) character file.

Game seed: 16141226109637231277

52 jimonade the Shooter (level 4, -2/34 HPs)
             Began as a Djinni Hunter on July 14, 2022.
             Slain by a gnoll
             ... wielding a +0 whip
              (6 damage)
             ... on level 2 of the Dungeon.
             The game lasted 00:02:50 (1927 turns).

jimonade the Shooter (Djinni Hunter)                Turns: 1927, Time: 00:02:51

Health: -2/34      AC:  4    Str: 10    XL:     4   Next: 8%
Gold:   86         EV: 12    Int: 11    God:
                   SH:  0    Dex: 18

rFire   + + .      SeeInvis .   a - +0 shortbow
rCold   x . .      Faith    .   (shield currently unavailable)
rNeg    . . .      Spirit   .   c - +0 leather armour
rPois   ∞          Reflect  .   l - +0 helmet
rElec   .          Harm     .   (no cloak)
rCorr   .          Rampage  .   (no gloves)
Will    .....                   (boots unavailable)
Stlth   ++........              (no amulet)
HPRegen 0.11/turn               e - ring of wizardry
MPRegen 0.00/turn               (no ring)

@: flying
A: sickness immunity, fire resistance 2, cold vulnerability 1, float, innate
caster, HP casting, extra vitality 1
a: no special abilities


You were on level 2 of the Dungeon.
You visited 1 branch of the dungeon, and saw 2 of its levels.

You collected 86 gold pieces.

Inventory:

Hand Weapons
 a - a +0 shortbow (weapon)
 j - a +0 short sword
 p - a +0 spear
Missiles
 i - 26 stones
 n - 6 javelins
Armour
 c - a +0 leather armour (worn)
 l - a +0 helmet (worn)
Jewellery
 e - a ring of wizardry (left hand)
 o - a +6 ring of dexterity
Scrolls
 b - 2 scrolls of immolation
 d - 3 scrolls of identify {unknown}
 g - a scroll of teleportation {unknown}
Potions
 f - a potion of haste {unknown}
 h - a potion of invisibility {unknown}
 k - a potion of heal wounds {unknown}
 m - a potion of flight {unknown}


   Skills:
 * Level 2.5 Fighting
 + Level 4.0 Ranged Weapons
 + Level 0.9 Armour
 + Level 2.2 Dodging
 - Level 0.7 Stealth


You had 2 spell levels left.
You knew the following spells:

 Your Spells              Type           Power      Damage    Failure   Level
a - Freeze                Ice            0%         1d3       19%         1
Your spell library was empty.

Dungeon Overview and Level Annotations

Branches:
Dungeon (2/15)

Altars:

Shops:
D:1 =


Innate Abilities, Weirdness & Mutations

You are immune to sickness and miasma.
You are immune to poison.
Your flesh is very heat resistant. (rF++)
You are vulnerable to cold. (rC-)
You float through the air rather than walking.
You learn spells naturally, not from books.
Your magical power is your life essence.
You have superior vitality. (+4 MHP)


Message History

The gnoll attacks as you move away! The gnoll barely misses you.
You shoot an arrow. The arrow barely misses the gnoll.
The arrow hits the gnoll!
The gnoll is severely wounded.
The gnoll hits you with a +0 whip.
You shoot an arrow. The arrow closely misses the gnoll.
The arrow completely misses the gnoll.
The arrow hits the gnoll!
The gnoll is heavily wounded.
The gnoll hits you with a +0 whip. The gnoll closely misses you.
You are too injured to fight recklessly!
You are too injured to fight recklessly!
You are too injured to fight recklessly!
Fire: a) +0 shortbow
Press: ? - help, Q - select action, (/) - cycle Shift-Dir - straight line, f/p - gnoll
Aim: a gnoll, wielding a +0 whip (moderately wounded, 68% to hit)
You shoot an arrow. The arrow hits the gnoll.
The gnoll is severely wounded.
The gnoll hits you with a +0 whip.
* * * LOW HITPOINT WARNING * * *
Fire: a) +0 shortbow
Press: ? - help, Q - select action, (/) - cycle Shift-Dir - straight line, f - gnoll, p - gnoll
Aim: a gnoll, wielding a +0 club (heavily wounded, 68% to hit)
You shoot an arrow. The arrow completely misses the gnoll.
The arrow hits the gnoll but does no damage.
The gnoll is severely wounded.
The gnoll hits you with a +0 whip.
* * * LOW HITPOINT WARNING * * *
The gnoll barely misses you.
Okay, then.
Unknown command.
Casting: Freeze (safe; 19% risk of failure)
Confirm with . or Enter, or press ? or * to list all spells.
Aiming: Freeze (safe; 19% risk of failure)
Press: ? - help, Shift-Dir - straight line, f - gnoll, p - gnoll
Aim: a gnoll, wielding a +0 whip (severely wounded)
You freeze the gnoll.
The gnoll is severely wounded.
* * * LOW HITPOINT WARNING * * *
The gnoll hits you with a +0 whip.
You die...

#.# #######.## #.#
#.....##...##...# #
.....#>.⌠....⌠.. #
....##...##...# # #####
....#######.## ###### #...#
........##.## ##...# #...#
g......#...#
##...####...##########'#....#.).#
##...'......'...@gggg.......#...#
##...####...#######B.....#####<##
##...# #...#######......# ###
##...# #.........#......# ##...#
#.........#......# ###'##
#.........######## # #.#
#####.....# # #.# #.....# # #.#
#.....#


You could see 4 gnolls and a giant cockroach.

Vanquished Creatures
  An adder (D:2)
  2 dart slugs (D:2)
  2 ball pythons (D:1)
  6 endoplasms
  A giant cockroach (D:2)
  A goblin (D:2)
  2 hobgoblins
  4 jackals (D:2)
  6 kobolds
  3 quokkas (D:1)
  2 bats
  3 frilled lizards
  3 rats
36 creatures vanquished.

Notes
Turn   | Place    | Note
-------+----------+-------------------------------------------
     0 | D:1      | jimonade the Djinni Hunter began the quest for the Orb.
     0 | D:1      | Reached XP level 1. HP: 18/18 MP: 0/0
   246 | D:1      | Reached XP level 2. HP: 23/23 MP: 0/0
   304 | D:1      | Found Uruel's Jewellery Shop.
  1078 | D:2      | Reached XP level 3. HP: 28/28 MP: 0/0
  1078 | D:2      | Learned a level 1 spell: Freeze
  1531 | D:2      | Found a faded altar of an unknown god.
  1824 | D:2      | Reached skill level 4 in Ranged Weapons
  1824 | D:2      | Reached XP level 4. HP: 34/34 MP: 0/0
  1927 | D:2      | Slain by a gnoll

Illustrated notes

Levels and vault maps discovered:
D:1:      dpeg_arrival_round_b, layout_loops_ring, serial_shops, shop,
          corexii_leaking_fountain
D:2:      layout_basic, ebering_ecumenical_altar_webs, grunt_ministairs_5,
          kennysheep_generic_room_14

Skill      XL: |  1  2  3 |
---------------+----------+-----
Ranged Weapons | 4 |  4.0
Fighting       | |  2.5
Armour         | |  0.9
Dodging        | |  2.2
Stealth        | |  0.7

Action                   |  1- 3 |  4- 6 || total
-------------------------+-------+-------++-------
 Fire: Shortbow          |   110 |     9 ||   119
 Cast: Freeze            |       |     1 ||     1
Armor: Leather armour    |    11 |     2 ||    13
Dodge: Dodged            |    37 |     4 ||    41

Table legend: (Time is in decaauts)
 A = Elapsed time spent in this place.
 B = Non-inter-level travel time spent in this place.
 C = Inter-level travel time spent in this place.
 D = Time resting spent in this place.
 E = Time spent auto-exploring this place.
 F = Levels seen in this place.
 G = Mean time per level.
                   A        B        C        D        E       F      G
               +--------+--------+--------+--------+--------+-----+--------+
         Total |   1968 |   1812 |    156 |      0 |   1553 |   2 |  984.0 |
       Dungeon |   1968 |   1812 |    156 |      0 |   1553 |   2 |  984.0 |
               +--------+--------+--------+--------+--------+-----+--------+

Top non-repeatable levels by time:
     D:1: 1089 daAuts
     D:2: 878 daAuts
